Va bene, chaotic female orcish Barbarian -------- ----- |.%....| ##-I...# |......-####|.@.|# |...%..|####+.^.|####` |.<....|# |...+# --..*..|# -----##%###i -------# # # # # # Va bene the Brigand Experience level: 11 Strength: 18/01 Dexterity: 20 Constitution: 17 Intelligence: 8 Wisdom: 7 Charisma: 7 Health: 33(119) Energy: 17(17) Def: 6 Gold: 1073 Moves: 21125 Dungeon seed: No7R2WePuc7G0H0Z Game ID: Va bene_1526114190 Your Inventory: Coins $ - 1073 gold pieces Armor V - a blessed burnt +1 pair of gauntlets of dexterity (being worn) Z - an uncursed greased +0 dwarvish iron helm (being worn) Comestibles J - 2 uncursed lizard corpses Tools b - a blessed bag of holding o - an uncursed credit card P - an uncursed -1 unicorn horn Y - a blessed can of grease (0:11) Gems y - a blessed touchstone K - an uncursed luckstone Contents of the bag of holding: 33 uncursed +0 arrows a blessed +0 bow 12 uncursed +0 elven arrows 12 [uncursed] [+0] elven arrows an uncursed +0 pair of leather gloves 2 uncursed eggs 2 uncursed food rations 2 uncursed lembas wafers a [uncursed] sprig of wolfsbane an uncursed tin of spinach a [uncursed] scroll of destroy armor a [uncursed] scroll of earth a [uncursed] scroll of remove curse 2 uncursed scrolls of teleportation a [uncursed] potion of full healing an uncursed diamond ring [of conflict] called un annello del fare casino (conflict) an uncursed ring of cold resistance an uncursed ring of see invisible a [uncursed] ring of see invisible a blessed durable ring of shock resistance a [uncursed] [+2] ring of stealth a cursed ring of teleportation an uncursed wand of enlightenment (1:15) an uncursed wand of fire (0:3) an uncursed wand of light (0:15) an uncursed wand of light (0:10) an uncursed wand of locking (0:7) a [blessed] wand of polymorph [0:5] an uncursed wand of secret door detection (0:14) an uncursed wand of slow monster (0:2) an uncursed wand of speed monster (0:7) an uncursed wand of speed monster (0:6) an uncursed wand of speed monster (0:3) a [uncursed] magic marker [0:89] an uncursed +0 pick-axe 7 [blessed] tallow candles [0:200] Spells and supernatural/magical abilities: Name Level Category Fail Memory u - confuse monster 2 enchantment 100% 37% W - pray for help -- divine ? -- Your skills at the end: Miscellaneous Skills bare handed combat [Basic] stealth [Basic] Weapon Skills axe [Master] short sword [Basic] Spellcasting Skills Final Attributes: You were piously aligned. You were cold resistant. You were sleep resistant. You were poison resistant. You were blinded. Your writing hand was ok. You saw invisible. You were telepathic. You had infravision. You were very stealthy. You were protected. You were very lucky. You had extra luck. Bad luck did not time out for you. Good luck did not time out for you. You survived. Vanquished creatures: a gray dragon a baby silver dragon 2 vampire lords a ghost a lieutenant 3 giant mimics 3 ice trolls an umber hulk a large mimic a long worm a hill giant 2 elf-lords a giant zombie a small mimic a warhorse 2 ettin mummies 11 trolls a sasquatch a wood golem a pyrolisk 2 large dogs a freezing sphere 2 flaming spheres 2 shocking spheres 2 large cats a dwarf king 2 tengu a gelatinous cube 3 crocodiles a leocrotta a giant 3 elf mummies a human mummy 4 Grey-elves 5 wraiths 2 soldiers an incubus 2 giant beetles a cockatrice 3 wolves a winter wolf cub a black light 15 leprechauns 2 quivering blobs a spotted jelly 3 lizards a mumak 4 giant spiders 3 horses a vampire bat 2 forest centaurs 3 gnome kings 3 orc mummies a dwarf mummy an ogre 5 Green-elves 4 rust monsters an owlbear 2 yetis 3 dogs 2 dingos 2 housecats a jaguar 2 dwarf lords 2 white unicorns a dust vortex 6 ravens a plains centaur 3 gnome mummies 9 Woodland-elves 4 apes a human zombie 2 rope golems 7 soldier ants 2 fire ants a yellow light 19 bugbears an imp 3 baby crocodiles 2 wood nymphs 5 Mordor orcs an Uruk-hai an orc shaman 2 rock moles 4 rock piercers 5 ponies 3 shriekers 3 violet fungi 17 gnome lords 8 gnomish wizards a kobold mummy a black naga hatchling a golden naga hatchling 2 guardian naga hatchlings 2 gray oozes 6 elf zombies 2 ghouls a paper golem 5 giant ants a puppy 10 floating eyes a kitten 23 dwarves 3 kobold lords a kobold shaman 7 iguanas a hill orc 11 rothes 2 centipedes 5 jitterbugs 6 giant bats a monkey 3 dwarf zombies a wererat 13 killer bees 9 coyotes 4 gas spores 6 hobbits 3 acid blobs a large kobold 12 geckos 13 hobgoblins 6 giant rats 5 cave spiders a yellow mold a green mold 4 red molds 73 gnomes a garter snake 7 manes 4 gnome zombies 6 jackals 2 foxes 4 kobolds 8 newts 5 goblins 4 sewer rats 5 grid bugs 4 bats 8 lichens 6 kobold zombies 566 creatures vanquished. Voluntary challenges: You were not invisible. You did not have reflection. You were not displaced. You had been an atheist until turn 2116. You used a wielded weapon 797 times, starting on turn 4. You did not use sinks. You read items or engraved 34 times, starting on turn 1105. You never genocided any monsters. You never polymorphed an object. You never changed form. You completed Sokoban on turn 8247, according to the rules. You used no wishes. You never split a pudding. You never wrote Elbereth's name. You violated your moral code, losing 2 points of alignment, starting on turn 15270. Dungeon overview: The Dungeons of Doom: levels 1 to 23 Level 1 a fountain a long staircase Level 2 (T) Level 3 Level 4 (Plate Mail) a fountain, a sink stairs to The Gnomish Mines Level 5 (T) a general store Level 6 Level 7 stairs to Sokoban Level 8 (Werebane) a weapon shop Level 9 Level 10 a throne Level 11 a fountain Level 12 (dig down!) a fountain Level 13 a fountain Level 14 Level 15 Level 16 (My altar + stash) an altar to Set, a fountain, a throne Level 17 Level 18 (green dragon's lair) Level 20 (throne) a fountain, a throne Level 21 (T) Level 22 <- You were here Level 23 many trees The Gnomish Mines: levels 5 to 13 Level 5 (un occhio volante!) stairs to The Dungeons of Doom Level 6 Level 7 (floating eye) Level 8 some shops, some altars to Mitra and Set, a magic chest, some fountains Level 9 Level 10 Level 11 Level 12 Level 13 a magic chest Sokoban: levels 3 to 6 Level 3 a magic chest Level 4 Level 5 Level 6 a magic chest stairs to The Dungeons of Doom History has recorded: On T:1 you entered the Dungeons of Doom to retrieve the Amulet of Yendor! On T:477 you reached level 2 of The Dungeons of Doom. On T:588 you reached level 3 of The Dungeons of Doom. On T:885 you advanced to experience level 2. On T:962 you reached level 4 of The Dungeons of Doom. On T:965 you advanced to experience level 3. On T:1039 you advanced to experience level 4. On T:1121 you reached level 5 of The Dungeons of Doom. On T:1390 you reached level 1 of The Gnomish Mines. On T:1410 you advanced to experience level 5. On T:1529 you reached level 2 of The Gnomish Mines. On T:1544 you advanced to experience level 6. On T:1592 you reached level 3 of The Gnomish Mines. On T:1822 you advanced to experience level 7. On T:2016 you reached level 4 of The Gnomish Mines. On T:2101 you entered the Minetown temple On T:2136 you opened a magic chest. On T:4493 you reached level 6 of The Dungeons of Doom. On T:4800 you reached level 7 of The Dungeons of Doom. On T:5130 you reached level 4 of Sokoban. On T:5445 you reached level 3 of Sokoban. On T:5465 you advanced to experience level 8. On T:5866 you reached level 2 of Sokoban. On T:6458 you reached level 1 of Sokoban. On T:8247 you advanced to experience level 9. On T:8247 you entered the Sokoban zoo. On T:9345 you reached level 5 of The Gnomish Mines. On T:9697 you reached level 6 of The Gnomish Mines. On T:10143 you reached level 7 of The Gnomish Mines. On T:10211 you reached level 8 of The Gnomish Mines. On T:10289 you advanced to experience level 10. On T:10400 you reached level 9 of The Gnomish Mines. On T:10400 you reached the bottom of the Mines. On T:12125 you reached level 8 of The Dungeons of Doom. On T:12369 you reached level 9 of The Dungeons of Doom. On T:12548 you reached level 10 of The Dungeons of Doom. On T:13034 you reached level 11 of The Dungeons of Doom. On T:13171 you reached level 12 of The Dungeons of Doom. On T:13822 you prayed to Set. On T:14113 you reached level 13 of The Dungeons of Doom. On T:15350 you received Cleaver from Set. On T:16290 you received a silver ring from Set. On T:17272 you prayed to Set. On T:18170 you reached level 14 of The Dungeons of Doom. On T:18233 you advanced to experience level 11. On T:18562 you reached level 15 of The Dungeons of Doom. On T:18562 you entered the Rogue tribute level. On T:18694 you reached level 16 of The Dungeons of Doom. On T:20172 you reached level 17 of The Dungeons of Doom. On T:20249 you reached level 18 of The Dungeons of Doom. On T:20425 you reached level 20 of The Dungeons of Doom. On T:20653 you reached level 21 of The Dungeons of Doom. On T:20757 you reached level 22 of The Dungeons of Doom. On T:20996 you reached level 23 of The Dungeons of Doom. Score breakdown: Gold: 1073 ( 107 points) Experience: 11 levels ( 1000 points) Exploration: 23 levels ( 660 points) Discoveries: 65 items ( 2000 points) Variety of kills: 141 monsters ( 2000 points) Major goal: Sokoban/Mines ( 1500 points) Survival: quit (score multiplied by 3) Total score: 21801 Latest messages: The island nymph stole an uncursed expensive camera (0:96). The island nymph stole a magic marker. The raven pecks! The island nymph tries to charm you, but is dismayed by your lack of response. (2x) The raven pecks! (3x) The island nymph tries to charm you, but is dismayed by your lack of response. (2x) The raven pecks! (4x) The island nymph stole a blessed wand of cancellation (0:2). The island nymph stole a blessed magic lamp (lit). The raven pecks! (4x) The island nymph tries to charm you, but is dismayed by your lack of response. (2x) You finish disrobing. You try to feel what is lying here on the floor. There is a staircase down here. You feel here an uncursed +0 ring of stealth. You sense a monster nearby! You stop searching. Something scratches you! You begin bashing monsters with your gloved hands. You punch something. Something scratches you! You don't have that object. Never mind. To quit the game, use the 'save' command (typically on 'S'). Final status: Goodbye Va bene the Barbarian, quit... You quit in The Dungeons of Doom on dungeon level 22 with 21801 points, and 1073 pieces of gold, after 21125 moves. You were level 11 with a maximum of 119 hit points when you quit.